 Dungeon Crawl Stone Soup version 0.21.1-1-g345015f (webtiles) character file.

7 shakethe the Grave Robber (level 1, -6/14 HPs)
             Began as a Demonspawn Necromancer on Feb 19, 2018.
             Killed from afar by a dart slug (7 damage)
             ... with a slug dart
             ... on level 1 of the Dungeon.
             The game lasted 00:01:06 (379 turns).

shakethe the Grave Robber (Demonspawn Necromancer)   Turns: 379, Time: 00:01:06

Health: -6/14      AC:  2    Str:  8    XL:     1   Next: 83%
Magic:  0/3        EV: 12    Int: 16    God:
Gold:   8          SH:  0    Dex: 13    Spells: 3/4 levels left

rFire    . . .     SeeInvis .   (no weapon)
rCold    . . .     Gourm    .   (no shield)
rNeg     . . .     Faith    .   a - +0 robe
rPois    .         Spirit   .   (no helmet)
rElec    .         Reflect  .   (no cloak)
rCorr    .         Harm     .   (no gloves)
MR       .....                  (no boots)
Stlth    ++........             (no amulet)
HPRegen  0.04/turn              (no ring)
MPRegen  0.08/turn              (no ring)

@: very slightly contaminated
A: no striking features
a: no special abilities


You were on level 1 of the Dungeon.
You were not hungry.

You visited 1 branch of the dungeon, and saw 1 of its levels.

You collected 8 gold pieces.

Inventory:

Hand Weapons
 e - a +0 dagger
   (You found it on level 1 of the Dungeon)
Armour
 a - a +0 robe (worn)
Scrolls
 d - 3 scrolls of identify {unknown}
 g - a scroll of teleportation {unknown}
Books
 b - a book of Necromancy
Comestibles
 c - a ration


   Skills:
 + Level 0.6 Fighting
 - Level 1.7 Dodging
 - Level 1.7 Stealth
 + Level 2.2 Spellcasting
 + Level 4.5 Necromancy


You had 3 spell levels left.
You knew the following spells:

 Your Spells              Type           Power        Failure   Level  Hunger
a - Pain                  Necr           ###.         3%          1    #......


Dungeon Overview and Level Annotations

Branches:
Dungeon (1/15)

Altars:


Message History

You take 1 damage, and have 12/13 hp.
You now have 2/3 mp.
A kobold comes into view.
A goblin comes into view. It is wielding a dagger.
Aim: a goblin (chance to defeat MR: 85%)
The goblin writhes in agony!
You kill the goblin!
The goblin shouts!
The kobold shouts!
The kobold throws a stone.
The stone barely misses you.
You now have 1/3 mp.
The kobold throws a stone.
The stone closely misses you.
Aim: a dart slug (clinging, chance to defeat MR: 87%)
The dart slug barely resists.
You take 1 damage, and have 12/14 hp.
You now have 0/3 mp.
You don't have enough magic to cast that spell.
The dart slug launches a dart at you. The slug dart misses you.
The dart slug launches a dart at you. The slug dart misses you.
There is an open door here.
The dart slug launches a dart at you. The slug dart hits you!
You take 3 damage, and have 10/14 hp.
MASSIVE DAMAGE!!
MP restored: 3 The dart slug launches a dart at you.
The slug dart misses you.
There is an open door here.
The goblin closely misses you.
Unknown command.
Aim: a goblin, wielding a dagger (chance to defeat MR: 87%)
The goblin writhes in agony!
The goblin closely misses you.
You take 1 damage, and have 9/14 hp.
You now have 2/3 mp.
Aim: a goblin, wielding a dagger (severely wounded, chance to defeat MR: 87%)
The goblin writhes in agony!
You kill the goblin!
You take 1 damage, and have 8/14 hp.
You now have 1/3 mp.
Aim: a kobold (chance to defeat MR: 87%)
The kobold writhes in agony!
You kill the kobold!
You take 1 damage, and have 7/14 hp.
You now have 0/3 mp.
You don't have enough magic to cast that spell.
The dart slug launches a dart at you. The slug dart hits you!
You take 2 damage, and have 5/14 hp.
You open the door.
There is an open door here.
MP restored: 3
There is an open door here.
You start resting.
Some of the chunks of flesh in your inventory have rotted away.
All of the chunks of flesh in your inventory have rotted away.
You regained 4 hp, and now have 11/14 hp.
Aim: a dart slug (chance to defeat MR: 87%)
The dart slug writhes in agony!
You take 1 damage, and have 10/14 hp.
You now have 2/3 mp.
Aim: a dart slug (lightly wounded, clinging, chance to defeat MR: 87%)
You miscast Pain.
You are very lightly contaminated with residual magic.
You smell decay.
The dart slug launches a dart at you. The slug dart hits you!
You take 5 damage, and have 5/14 hp.
MASSIVE DAMAGE!!
You now have 1/3 mp.
Sorry, you're not good enough to have a special ability.
Aim: a dart slug (lightly wounded, clinging, chance to defeat MR: 87%)
The dart slug writhes in agony!
You don't have enough magic to cast that spell.
You take 1 damage, and have 4/14 hp.
You now have 0/3 mp.
Sorry, you're not good enough to have a special ability.
Unknown command.
You don't have enough magic to cast that spell.
You don't have enough magic to cast that spell.
The dart slug launches a dart at you. The slug dart hits you!
* * * LOW HITPOINT WARNING * * *
You take 1 damage, and have 3/14 hp.
The dart slug bites you but does no damage.
Really attack barehanded? [Y]es or [N]o only, please.
Really attack barehanded? [Y]es or [N]o only, please.
Really attack barehanded? [Y]es or [N]o only, please.
Really attack barehanded? [Y]es or [N]o only, please.
Really attack barehanded? [Y]es or [N]o only, please.
Really attack barehanded?
Okay, then.
Really attack barehanded?
You hit the dart slug. The dart slug bites you.
* * * LOW HITPOINT WARNING * * *
You take 2 damage, and have 1/14 hp.
You hit the dart slug but do no damage. You hit the dart slug.
The dart slug launches a dart at you. The slug dart hits you!
Ouch! That really hurt!
You die...

#.##.#≈≈≈≈≈......# ###
#.##.≈≈≈≈≈.......#
##.####.##.≈≈≈≈........#
#..........≈≈≈.........#
##.##......≈≈≈...<.....#
####### #.###...#.≈≈≈.......###
......#####.# ##.##.≈≈≈.......#
.##.........# #.##.≈≈≈≈..≈...#
.##.#.####### #@##.#≈≈≈.≈≈≈#.##
[##.#.# ##w##(#≈≈≈≈≈≈≈##.##
......# ##...#.###########.#
###.#### ##.....## #.## ##.
#.##.## ##.......## ##..###.#
#.#...####.........####....#.##
#........+.........'.)w........
###...####.........####....####
##.## ##.......## ##.#.#


You could see a dart slug.

Vanquished Creatures
  A giant cockroach (D:1)
  3 goblins (D:1)
  A kobold (D:1)
  A rat (D:1)
6 creatures vanquished.

Notes
Turn   | Place    | Note
-------+----------+-------------------------------------------
     0 | D:1      | shakethe the Demonspawn Necromancer began the quest for the Orb.
     0 | D:1      | Reached XP level 1. HP: 13/13 MP: 3/3
   375 | D:1      | HP: 3/14 [dart slug/slug dart (2)]
   377 | D:1      | HP: 1/14 [dart slug (2)]
   379 | D:1      | Killed from afar by a dart slug

Action                   || total
-------------------------++-------
Melee: Unarmed           ||     3
 Cast: Pain              ||    11
Armor: Robe              ||     1
Dodge: Dodged            ||     7

Vault maps used:
D:1:      dpeg_arrival_pond, cheibriados_altar_1

Table legend:
 A = Turns spent in this place as a percentage of turns spent in the entire game.
 B = Non-inter-level travel turns spent in this place as a percentage of non-inter-level travel turns spent in the entire game.
 C = Inter-level travel turns spent in this place as a percentage of turns spent in this place.
 D = Turns resting spent in this place as a percentage of non-inter-level travel turns spent in this place.
 E = Turns spent auto-exploring this place as a percentage of non-inter-level travel turns spent in this place.
 F = Non-inter-level travel turns spent in this place divided by the number of levels of this place that you've seen.
                   A       B       C       D       E      F
               +-------+-------+-------+-------+-------+----------------------
         Total | 100.0 | 100.0 |   0.0 |  29.3 |  30.6 | 379.0
       Dungeon | 100.0 | 100.0 |   0.0 |  29.3 |  30.6 | 379.0
               +-------+-------+-------+-------+-------+----------------------

Table legend:
 A = Kills in this place as a percentage of kills in entire the game.
 B = Kills by you in this place as a percentage of kills by you in the entire game.
 C = Kills by friends in this place as a percentage of kills by friends in the entire game.
 D = Other kills in this place as a percentage of other kills in the entire game.
 E = Experience gained in this place as a percentage of experience gained in the entire game.
 F = Experience gained in this place divided by the number of levels of this place that you have seen.
                   A       B       C       D       E      F
               +-------+-------+-------+-------+-------+----------------------
         Total | 100.0 | 100.0 |   N/A |   N/A | 100.0 |  10.0
       Dungeon | 100.0 | 100.0 |   N/A |   N/A | 100.0 |  10.0
               +-------+-------+-------+-------+-------+----------------------
